 Dungeon Crawl Stone Soup version 0.24-a0-451-g263dff2034 (webtiles) character file.

Game seed: 6441479781829963362

61686 Mrkan the Severer (level 14, -5/129 HPs)
             Began as a Minotaur Fighter on June 26, 2019.
             Was an Initiate of Gozag.
             Slain by a nine-headed hydra (12 damage)
             ... on level 13 of the Dungeon.
             The game lasted 00:51:16 (20195 turns).

Mrkan the Severer (Minotaur Fighter)               Turns: 20195, Time: 00:51:16

Health: -5/129     AC: 20    Str: 22    XL:     14   Next: 61%
Magic:  22/22      EV: 10    Int:  4    God:    Gozag
Gold:   4494       SH:  0    Dex: 15    Spells: 13/13 levels left

rFire    . . .     SeeInvis +   h - +0 broad axe of Megalomania {chop, rC+ rN+}
rCold    + . .     Gourm    .   c - +4 shield
rNeg     + . .     Faith    .   D - +4 ring mail {rPois}
rPois    +         Spirit   .   (helmet restricted)
rElec    .         Reflect  +   B - +2 cloak {MR+}
rCorr    .         Harm     .   z - +0 pair of gloves
MR       ++...                  F - +0 pair of boots
Stlth    ..........             K - +2 amulet of reflection
HPRegen  0.31/turn              y - ring of see invisible
MPRegen  0.18/turn              b - ring of magical power

@: confused, gold aura
A: retaliatory headbutt, horns 2, yellow scales 1, agile 1, dopey 1
a: Potion Petition, Call Merchant, Bribe Branch, Renounce Religion


You were on level 13 of the Dungeon.
You worshipped Gozag.
Gozag was most pleased with you.
You were not hungry.

You visited 4 branches of the dungeon, and saw 22 of its levels.

You collected 6998 gold pieces.
You spent 566 gold pieces at shops.
You paid 1938 gold pieces to Gozag.

Inventory:

Hand Weapons
 h - the +0 broad axe of Megalomania (weapon) {chop, rC+ rN+}
   (You acquired it on level 1 of the Lair of Beasts)

   It inflicts extra damage upon your enemies.
   It protects you from cold.
   It protects you from negative energy.
 k - a +0 broad axe
Missiles
 q - 16 poisoned darts
 t - 3 throwing nets
 v - 45 boomerangs (quivered)
 J - 4 boomerangs of dispersal
 R - 14 javelins
Armour
 c - a +4 shield (worn)
 z - a +0 pair of gloves (worn)
 B - a +2 cloak of magic resistance (worn)
 D - a +4 ring mail of poison resistance (worn)
 F - a +0 pair of boots (worn)
 I - a +0 plate armour
Jewellery
 b - a ring of magical power (right hand)
 y - a ring of see invisible (left hand)
 K - a +2 amulet of reflection (around neck)
 P - an uncursed ring of protection from magic
 W - a +1 ring of evasion
Wands
 a - a wand of iceblast (6)
 r - a wand of flame (32)
 E - a wand of disintegration (13)
 M - a wand of scattershot (7)
 O - a wand of acid (7)
Scrolls
 e - 8 scrolls of remove curse
 j - 11 scrolls of teleportation
 l - 8 scrolls of fog
 m - 7 scrolls of amnesia
 o - a scroll of noise
 s - 2 scrolls of blinking
 x - 5 scrolls of enchant weapon
 N - a scroll of identify
Potions
 d - 5 potions of might
 g - 4 potions of flight
 i - 6 potions of curing
 n - a potion of cancellation
 p - 2 potions of invisibility
 u - 6 potions of haste
 w - 7 potions of lignification
 A - 2 potions of degeneration
 G - a potion of magic {unknown}
 H - a potion of resistance {unknown}
 L - 2 potions of mutation
 T - a potion of agility
Comestibles
 f - 22 rations


   Skills:
 + Level 13.5 Fighting
 * Level 17.8 Axes
 - Level 8.2 Throwing
 + Level 11.3 Armour
 - Level 15.0 Shields


You had 13 spell levels left.
You didn't know any spells.
Your spell library contained the following spells:

 Spells                   Type           Power        Failure   Level  Hunger
 Animate Skeleton         Necr           N/A          63%         1    ##.....
 Apportation              Tloc           #.....       63%         1    ##.....
 Confusing Touch          Hex            #.....       63%         1    ##.....
 Corona                   Hex            #......      63%         1    ##.....
 Freeze                   Ice            #...         63%         1    ##.....
 Sandblast                Erth           #.....       63%         1    ##.....
 Shock                    Conj/Air       #...         63%         1    ##.....
 Summon Small Mammal      Summ           #...         63%         1    ##.....
 Ensorcelled Hibernation  Hex/Ice        #.....       77%         2    ###....
 Passwall                 Tmut/Erth      #.......     77%         2    ###....
 Swiftness                Chrm/Air       #.......     77%         2    ###....
 Throw Frost              Conj/Ice       #.....       77%         2    ###....
 Confuse                  Hex            #.......     94%         3    ####...
 Dazzling Spray           Conj/Hex       #.....       94%         3    ####...
 Gell's Gravitas          Tloc           #.........   94%         3    ####...
 Ozocubu's Armour         Chrm/Ice       #.......     94%         3    ####...
 Static Discharge         Conj/Air       #.......     94%         3    ####...
 Stone Arrow              Conj/Erth      #.....       94%         3    ####...
 Tukima's Dance           Hex            #.......     94%         3    ####...
 Airstrike                Air            #.........   100%        4    #####..
 Petrify                  Tmut/Erth      #.......     100%        4    #####..
 Summon Ice Beast         Ice/Summ       #.......     100%        4    #####..
 Throw Icicle             Conj/Ice       #.......     100%        4    #####..
 Lee's Rapid Deconstruct  Erth           #.........   100%        5    ######.
 Lightning Bolt           Conj/Air       #.........   100%        5    ######.
 Metabolic Englaciation   Hex/Ice        #.........   100%        5    ######.
 Yara's Violent Unravell  Hex/Tmut       #.........   100%        5    ######.


Dungeon Overview and Level Annotations

Branches:
Dungeon (13/15)            Temple (1/1) D:7            Lair (6/6) D:9
  Swamp (0/4) Lair:3        Snake (0/4) Lair:3        Slime (0/5) Lair:6
    Orc (2/2) D:12            Elf (0/3) Orc:2
 Vaults: D:13-14

Altars:
Elyvilon
Gozag
Hepliaklqana
Kikubaaqudgha
Okawaru
Qazlal
Uskayaw
Wu Jian
Xom
Yredelemnul
Zin

Shops:
D:7 !   D:9 !   Orc:2 *:!(

Annotations:
Lair:6 exclusion: oklob plant
Abyss:1 Sigmund


Innate Abilities, Weirdness & Mutations

You reflexively headbutt those who attack you in melee.
You have a pair of horns on your head.
You are partially covered in yellow scales. (AC +2)
You are agile. (Dex +2)
You are dopey. (Int -2)


Message History

The nine-headed hydra bites you.
* * * LOW HITPOINT WARNING * * *
The nine-headed hydra bites you but does no damage.
The nine-headed hydra closely misses you. x2
The nine-headed hydra misses you. The nine-headed hydra bites you!
* * * LOW HITPOINT WARNING * * *
Okay, then.
Unknown command.
Okay, then.
You closely miss the nine-headed hydra.
Your headbutt misses the nine-headed hydra.
The nine-headed hydra is heavily wounded.
The nine-headed hydra bites you but does no damage.
The nine-headed hydra bites you!
* * * LOW HITPOINT WARNING * * *
The nine-headed hydra bites you.
* * * LOW HITPOINT WARNING * * *
The nine-headed hydra misses you. The nine-headed hydra bites you!
You die...
Your body crumbles into a pile of gold.

##.## ##.## ##.##
##..# ##..## $$
## #..## $ ..#..
##.####
......#####.###.#
.....$D@##..##..#
...=..##...###..#
..... ###......#
.... ##.....# ...
##.....# ..
#.....## .
#....## #...##
#..##


You could see a nine-headed hydra.

Vanquished Creatures
  Kirke (Lair:4)
  A centaur warrior (Orc:2)
  A hydra (Lair:4)
  A catoblepas (Lair:6)
  6 death yaks (Lair:6)
  4 two-headed ogres
  A deep troll shaman (Lair:6)
  5 skeletal warriors (D:12)
  An unseen horror (D:10)
  Pikel (D:8)
  5 orc knights
  3 orc sorcerers
  An ugly thing (D:13)
  A manticore (D:11)
  Joseph (D:7)
  4 elephants (Lair:6)
  5 black mambas
  A centaur zombie (D:11)
  4 gargoyles
  5 spiny frogs
  3 rime drakes
  12 komodo dragons
  3 polar bears
  6 trolls
  20 blink frogs
  Grinder (D:4)
  9 hippogriffs
  2 wyverns
  A wraith (D:12)
  A basilisk (Lair:3)
  Eustachio (D:6)
  3 hungry ghosts
  Grum (D:8)
  31 yaks
  3 vampire mosquitoes (Lair:1)
  Edmund (D:4)
  3 wargs (D:9)
  3 nagas (Lair:3)
  2 soldier ants (D:12)
  4 insubstantial wisps (Lair:1)
  12 water moccasins
  8 porcupines
  3 sky beasts
  A swamp drake (Lair:1)
  2 black bears
  11 ice beasts
  36 orc warriors
  A phantom (D:8)
  A slave (D:8)
  21 wolves
  18 ogres
  A necrophage (D:8)
  14 centaurs
  13 crocodiles
  2 big kobolds
  10 bullfrogs
  5 scorpions
  8 killer bees
  5 wights (D:8)
  5 electric eels
  5 howler monkeys
  A quasit (D:9)
  7 crimson imps
  18 orc priests
  2 bullfrog skeletons
  2 bullfrog zombies
  15 hounds
  7 jellies
  33 orc wizards
  Crazy Yiuf (D:7)
  6 centaur skeletons
  3 iguanas
  Natasha (thrice) (D:2)
  6 worker ants
  Terence (D:2)
  Robin (D:4)
  A howler monkey skeleton (D:6)
  18 adders
  2 shadow imps
  3 oozes
  An adder zombie (D:6)
  An adder skeleton (D:4)
  2 worms (D:4)
  A dart slug (D:1)
  5 leopard geckos
  85 orcs
  8 bats
  4 giant cockroaches
  18 goblins
  12 hobgoblins
  12 jackals
  14 kobolds
  4 quokkas
  2 ball pythons
  6 frilled lizards
  2 leopard gecko skeletons
  A quokka zombie (D:6)
  11 rats
  A spectral orc (D:9)
  2 bushes (D:6)
  3 fungi
  5 plants
674 creatures vanquished.

Vanquished Creatures (others)
  A warg (Orc:2)
  5 orc warriors (Orc:2)
  An ogre (Orc:2)
  3 centaurs (Orc:2)
  A howler monkey (D:4)
  An orc wizard (Orc:2)
  7 orcs (Orc:2)
  A hobgoblin (D:3)
  2 fungi
  8 plants
30 creatures vanquished.

Grand Total: 704 creatures vanquished

Notes
Turn   | Place    | Note
-------+----------+-------------------------------------------
     0 | D:1      | Mrkan the Minotaur Fighter began the quest for the Orb.
     0 | D:1      | Reached XP level 1. HP: 19/19 MP: 0/0
   111 | D:1      | Reached skill level 3 in Axes
   111 | D:1      | Reached XP level 2. HP: 24/27 MP: 1/1
   344 | D:1      | Reached XP level 3. HP: 19/33 MP: 2/2
   629 | D:2      | Found an ancient bone altar of Kikubaaqudgha.
   685 | D:2      | Reached skill level 4 in Axes
   761 | D:2      | Noticed Natasha
   775 | D:2      | Reached XP level 4. HP: 36/40 MP: 3/3
   792 | D:2      | Killed Natasha
  1154 | D:2      | Noticed Natasha
  1161 | D:2      | Killed Natasha
  1161 | D:2      | Reached XP level 5. HP: 38/47 MP: 4/4
  1177 | D:2      | Noticed Terence
  1182 | D:2      | Noticed Natasha
  1187 | D:2      | Killed Natasha
  1187 | D:2      | Reached skill level 5 in Axes
  1296 | D:2      | Killed Terence
  1673 | D:3      | Noticed Sigmund
  1692 | D:3      | Banished Sigmund
  1692 | D:3      | Reached skill level 5 in Fighting
  1692 | D:3      | Reached skill level 5 in Shields
  1692 | D:3      | Reached XP level 6. HP: 35/56 MP: 5/5
  1978 | D:3      | Reached skill level 6 in Axes
  2283 | D:4      | Noticed Edmund
  2284 | D:4      | Noticed Robin
  2308 | D:4      | Killed Robin
  2313 | D:4      | Reached XP level 7. HP: 52/62 MP: 6/6
  2321 | D:4      | Reached skill level 7 in Axes
  2321 | D:4      | HP: 3/62 [adder (1)]
  2330 | D:4      | Killed Edmund
  2353 | D:4      | Found a stormy altar of Qazlal.
  2757 | D:4      | Found a stormy altar of Qazlal.
  2758 | D:4      | Found a white marble altar of Elyvilon.
  2762 | D:4      | Found an opulent altar of Gozag.
  2765 | D:4      | Found an ornate altar of the Wu Jian Council.
  2766 | D:4      | Found a hide-covered altar of Uskayaw.
  2768 | D:4      | Found an iron altar of Okawaru.
  2780 | D:4      | Became a worshipper of Gozag Ym Sagoz the Greedy
  2806 | D:4      | Reached skill level 8 in Axes
  2940 | D:4      | Noticed Grinder
  2948 | D:4      | Reached XP level 8. HP: 56/71 MP: 7/7
  2965 | D:4      | Killed Grinder
  3087 | D:5      | Entered Level 5 of the Dungeon
  3114 | D:5      | Reached skill level 9 in Axes
  3606 | D:5      | Found a glowing silver altar of Zin.
  3748 | D:6      | Reached skill level 10 in Axes
  3950 | D:5      | Reached XP level 9. HP: 58/81 MP: 8/8
  4107 | D:6      | Noticed Eustachio
  4119 | D:6      | Killed Eustachio
  4398 | D:6      | Found a hazy altar of Hepliaklqana.
  4702 | D:7      | Found a runed translucent door.
  4703 | D:7      | Noticed Crazy Yiuf
  4711 | D:7      | Killed Crazy Yiuf
  4735 | D:7      | Found a staircase to the Ecumenical Temple.
  4819 | D:7      | Found Tiliet's Distillery.
  4835 | D:7      | Bought a potion of mutation for 112 gold pieces
  4835 | D:7      | Gained mutation: You are weak. (Str -2) [potion of
                  | mutation]
  4835 | D:7      | Gained mutation: You are covered in fur. (AC +1) [potion of
                  | mutation]
  4836 | D:7      | Lost mutation: You are covered in fur. (AC +1) [potion of
                  | mutation]
  4836 | D:7      | Lost mutation: You are weak. (Str -2) [potion of mutation]
  4836 | D:7      | Gained mutation: You are dopey. (Int -2) [potion of
                  | mutation]
  4836 | D:7      | Gained mutation: You are agile. (Dex +2) [potion of
                  | mutation]
  4836 | D:7      | Gained mutation: You are partially covered in yellow
                  | scales. (AC +2) [potion of mutation]
  4845 | D:7      | Reached skill level 11 in Axes
  4918 | Temple   | Entered the Ecumenical Temple
  5518 | D:7      | Reached skill level 1 in Throwing
  5529 | D:7      | Noticed Joseph
  5558 | D:7      | Killed Joseph
  5816 | D:7      | Reached XP level 10. HP: 81/91 MP: 9/9
  6198 | D:8      | Noticed Grum
  6233 | D:8      | Killed Grum
  6233 | D:8      | Reached skill level 5 in Throwing
  6233 | D:8      | Reached skill level 10 in Shields
  6245 | D:8      | Noticed Pikel
  6261 | D:8      | Killed Pikel
  6815 | D:9      | Found a staircase to the Lair.
  7018 | D:9      | Found a hazy altar of Hepliaklqana.
  7043 | D:9      | Found Benken's Distillery.
  7050 | D:9      | Bought a potion of curing for 42 gold pieces
  7050 | D:9      | Bought a potion of curing for 42 gold pieces
  7050 | D:9      | Bought a potion of heal wounds for 70 gold pieces
  7086 | D:9      | Reached XP level 11. HP: 91/97 MP: 10/10
  7420 | D:9      | Found a basalt altar of Yredelemnul.
  7506 | D:10     | Entered Level 10 of the Dungeon
  7904 | D:10     | Noticed a two-headed ogre
  7913 | D:10     | Killed a two-headed ogre
  8185 | D:10     | Killed an unseen horror
  8185 | D:10     | Reached skill level 10 in Fighting
  8529 | Lair:1   | Entered Level 1 of the Lair of Beasts
  8738 | Lair:1   | Identified a scroll of acquirement
  8739 | Lair:1   | Got a crystal broad axe
  8740 | Lair:1   | Identified the +0 broad axe of Megalomania {chop, rC+ rN+}
                  | (You acquired it on level 1 of the Lair of Beasts)
  9079 | Lair:1   | Reached XP level 12. HP: 74/110 MP: 11/11
  9829 | Lair:2   | Reached skill level 15 in Shields
 10010 | Lair:2   | You fall into a shaft and drop 1 floor!
 10132 | Lair:3   | Found a staircase to the Swamp.
 10186 | Lair:3   | Found a staircase to the Snake Pit.
 10236 | Lair:3   | Reached skill level 12 in Axes
 10390 | Lair:3   | Reached skill level 5 in Armour
 10795 | Lair:2   | Reached skill level 13 in Axes
 12204 | Lair:4   | Noticed Kirke
 12213 | Lair:4   | Killed Kirke
 12213 | Lair:4   | Reached XP level 13. HP: 114/119 MP: 12/12
 12247 | Lair:4   | Reached skill level 14 in Axes
 13279 | Lair:6   | Entered Level 6 of the Lair of Beasts
 13432 | Lair:6   | Reached skill level 15 in Axes
 13530 | Lair:6   | HP: 3/119 [catoblepas (12)]
 13963 | Lair:5   | HP: 3/119 [nine-headed hydra (3)]
 14478 | Lair:6   | Reached skill level 16 in Axes
 14777 | Lair:6   | Found a staircase to the Slime Pits.
 16000 | D:11     | Reached skill level 10 in Armour
 16838 | D:12     | Reached XP level 14. HP: 127/127 MP: 13/13
 17425 | D:12     | Found a staircase to the Orcish Mines.
 17791 | D:12     | Found a shimmering altar of Xom.
 17847 | Orc:1    | Entered Level 1 of the Orcish Mines
 17854 | Orc:1    | Reached skill level 17 in Axes
 17919 | Orc:2    | Entered Level 2 of the Orcish Mines
 17919 | Orc:2    | Found a staircase to the Elven Halls.
 19175 | Orc:2    | Found Zibis Kexo's Distillery.
 19175 | Orc:2    | Found Igakim's Book Shoppe.
 19177 | Orc:2    | Found Qateg's General Store.
 19179 | Orc:2    | Found Izus's Weapon Shop.
 19183 | Orc:2    | Bought a potion of lignification for 45 gold pieces
 19183 | Orc:2    | Bought a potion of haste for 150 gold pieces
 19183 | Orc:2    | Bought a potion of might for 60 gold pieces
 19183 | Orc:2    | Bought a potion of curing for 45 gold pieces
 20195 | D:13     | Slain by a nine-headed hydra

Levels and vault maps discovered:
D:1:      scummos_arrival_forest, layout_rooms, minmay_pentomino_w2
D:2:      layout_basic, lemuel_doored_altar, uniq_natasha, uniq_terence
D:3:      layout_loops_ring, first_ration, uniq_sigmund
D:4:      layout_basic, minitemple, corexii_leaking_fountain,
          supply_closet_lemuel, lemuel_statue_altar, uniq_robin, uniq_grinder,
          uniq_edmund
D:5:      layout_rooms, lemuel_coloured_pillars_altar
D:6:      layout_loops_ring, basic_altar, minmay_hedge_maze, uniq_eustachio
D:7:      layout_basic, minmay_temple_entry_stoned_glass, serial_shops,
          nicolae_shop_window_shopping, serial_corexii_hall,
          corexii_hall_statues_i, chequers_hall_statues_y, grunt_ogre_cave,
          uniq_joseph, uniq_crazy_yiuf_cottage
D:8:      layout_basic, uniq_pikel, uniq_grum
D:9:      layout_gridville, yredelemnul_forgotten_temple_becter,
          lemuel_round_altar, erik_lair_orcish_takeover, serial_shops,
          nicolae_shop_stone, hex_tiny
D:10:     layout_loops_corners, chequers_serial_rivers_large_b
D:11:     layout_stronghold, fungi_pond_lemuel
D:12:     layout_loops_ring, david_orc_3, portal_ice_cave_entry_ice_beasts,
          enter_bailey_2, basic_altar
D:13:     kennysheep_tiny_hell, layout_cave_pods, uniq_rupert, uniq_maurice,
          uniq_azrael
Temple:   minmay_temple_forest_path
Lair:1:   beast_lair_carwin_large_3, layout_loops_ring, pond
Lair:2:   layout_concentric_octagons, infiniplex_staircase_pool,
          serial_bayou_shore_b
Lair:3:   layout_cave_pods, swamp_mist, guppyfry_snake_entry_island,
          serial_bayou_lagoon_b
Lair:4:   layout_regular_city, nicolae_quartered_pool_little,
          chequers_serial_rivers_room_b, grunt_megastairs_4, uniq_kirke
Lair:5:   layout_hall_layers
Lair:6:   grunt_lair_end_beastmaster, layout_hall_layers,
          nicolae_slime_entry_slimehenge, minmay_lair_oklob_chamber,
          lemuel_fruit_tree
Orc:1:    layout_caves, nicolae_orc_crystal_geode
Orc:2:    st_orc_rangers, layout_caves, lightli_volcano_entry_magma_tube

Skill      XL: |  1  2  3  4  5  6  7  8  9 10 11 12 13 14 |
---------------+-------------------------------------------+-----
Axes           | 3 4 5 6 8 10 11 13 16 17 | 17.8
Shields        | 4 5 6 7 9 11 14 15 | 15.0
Fighting       | 4 5 6 7 9 11 12 13 | 13.5
Throwing       | 3 8 |  8.2
Armour         | 7 10 11 | 11.3

Action                   |  1- 3 |  4- 6 |  7- 9 | 10-12 | 13-15 || total
-------------------------+-------+-------+-------+-------+-------++-------
Melee: War axe           |   101 |    44 |   315 |   462 |       ||   922
       Headbutt          |    11 |    21 |    91 |   184 |   191 ||   498
       Hand axe          |       |    90 |    23 |       |       ||   113
       Broad axe         |       |       |       |   325 |   695 ||  1020
Throw: Boomerang         |       |       |       |       |    36 ||    36
       Dart              |       |       |       |       |     1 ||     1
Invok: Potion Petition   |       |       |       |       |     7 ||     7
Evoke: Wand              |       |       |       |       |     2 ||     2
  Use: Scroll            |       |       |    10 |    10 |    12 ||    32
       Potion            |       |       |     6 |     1 |     5 ||    12
 Stab: Distracted        |       |       |     1 |     9 |     3 ||    13
       Confused          |       |       |       |     1 |       ||     1
       Petrified         |       |       |       |       |    11 ||    11
       Invisible         |       |       |       |       |    33 ||    33
  Eat: Chunk             |       |     5 |     2 |       |       ||     7
       Ration            |       |       |     4 |     7 |     8 ||    19
Armor: Scale mail        |    61 |    34 |    99 |       |       ||   194
       Ring mail         |       |       |     5 |   241 |   236 ||   482
Dodge: Dodged            |    38 |    25 |    67 |   180 |   191 ||   501
Block: Shield            |    79 |    60 |   172 |   571 |   621 ||  1503
       Reflection        |       |       |       |     3 |    51 ||    54

Table legend:
 A = Non-vault XP
 B = Vault XP
 C = Vault XP percentage of total XP
 D = Non-vault monster count
 E = Vault monster count
 F = Vault count percentage of total count
                 A         B        C        D         E       F
            +---------+---------+-------+---------+---------+-------
      Total |   60190 |   27934 |  31.7 |     532 |     146 |  21.5
            +---------+---------+-------+---------+---------+-------
        D:1 |      40 |       1 |   2.4 |      24 |       1 |   4.0
        D:2 |     179 |      65 |  26.6 |      34 |       2 |   5.6
        D:3 |     135 |     148 |  52.3 |      23 |       1 |   4.2
        D:4 |     797 |     468 |  37.0 |      27 |      13 |  32.5
        D:5 |     828 |       0 |   0.0 |      25 |       0 |   0.0
        D:6 |     603 |     197 |  24.6 |      16 |       1 |   5.9
        D:7 |    1764 |     652 |  27.0 |      31 |       3 |   8.8
        D:8 |    1582 |    1329 |  45.7 |      22 |       6 |  21.4
        D:9 |    1897 |     657 |  25.7 |      30 |      10 |  25.0
       D:10 |    4157 |       0 |   0.0 |      25 |       0 |   0.0
       D:11 |    5027 |       0 |   0.0 |      31 |       0 |   0.0
       D:12 |    6892 |    1352 |  16.4 |      38 |      17 |  30.9
       D:13 |    2955 |       0 |   0.0 |      17 |       0 |   0.0
     Temple |      43 |       0 |   0.0 |       2 |       0 |   0.0
     Lair:1 |    5390 |    2389 |  30.7 |      25 |      20 |  44.4
     Lair:2 |    4184 |       0 |   0.0 |      18 |       0 |   0.0
     Lair:3 |    5303 |     476 |   8.2 |      27 |       3 |  10.0
     Lair:4 |    6010 |    2380 |  28.4 |      27 |       2 |   6.9
     Lair:5 |    2483 |       0 |   0.0 |      10 |       0 |   0.0
     Lair:6 |    3565 |   11250 |  75.9 |      13 |      27 |  67.5
      Orc:1 |    4045 |       0 |   0.0 |      26 |       0 |   0.0
      Orc:2 |    2311 |    6570 |  74.0 |      41 |      40 |  49.4
            +---------+---------+-------+---------+---------+-------
